 Dungeon Crawl Stone Soup version 0.28.0-1-gb440e238dd (webtiles) character file.

Game seed: 5329566222244330116

942 Ablot the Grasshopper (level 8, -1/63 HPs)
             Began as a Gnoll Warper on Feb 27, 2022.
             Killed from afar by a white imp (9 damage)
             ... with a puff of frost
             ... on level 5 of the Dungeon.
             The game lasted 00:08:05 (5422 turns).

Ablot the Grasshopper (Gnoll Warper)                Turns: 5422, Time: 00:08:06

Health: -1/63      AC:  5    Str: 14    XL:     8   Next: 12%
Magic:  16/16      EV: 13    Int: 24    God:
Gold:   204        SH:  0    Dex: 11    Spells: 16/18 levels left

rFire   . . .      SeeInvis +   o - +4 hand axe "Xuipnaqerph" {freeze, Str+2}
rCold   . . .      Faith    .   (no shield)
rNeg    . . .      Spirit   .   b - +0 leather armour
rPois   .          Reflect  .   u - +0 helmet
rElec   .          Harm     .   (no cloak)
rCorr   .          Rampage  .   e - +0 pair of gloves
Will    .....                   (no boots)
Stlth   ++........              (no amulet)
HPRegen 0.20/turn               n - +6 ring of intelligence
MPRegen 0.15/turn               y - ring of Doawag {Int+4 SInv}

@: no status effects
A: fangs 1, strong nose, distributed training
a: no special abilities


You were on level 5 of the Dungeon.
You visited 1 branch of the dungeon, and saw 5 of its levels.

You collected 204 gold pieces.

Inventory:

Hand Weapons
 a - a +0 trident
 o - the +4 hand axe "Xuipnaqerph" (weapon) {freeze, Str+2}
   (You found it on level 2 of the Dungeon)

   It freezes those it strikes, dealing additional cold damage.
   It can also slow down cold-blooded creatures.
   Str:       It affects your strength (+2).
 A - the +2 hand axe of Discretion {pain, rPois rC+ Dex+5}
   (You found it on level 4 of the Dungeon)

   In the hands of one skilled in necromantic magic, it inflicts extra damage on
   living creatures.
   Dex:       It affects your dexterity (+5).
   rC:        It protects you from cold.
   rPois:     It protects you from poison.
 F - a +2 dagger of venom
 G - a +1 hand crossbow of flaming
Missiles
 d - 5 boomerangs of dispersal
 h - 111 arrows
 l - 105 stones
 w - 8 poisoned darts (quivered)
 x - 18 bolts
 B - 13 sling bullets
Armour
 b - a +0 leather armour (worn)
 e - a +0 pair of gloves (worn)
 u - a +0 helmet (worn)
Jewellery
 n - a +6 ring of intelligence (left hand)
 q - a ring of ice
 s - a ring of fire
 y - the ring of Doawag (right hand) {Int+4 SInv}
   (You took it off a kobold on level 4 of the Dungeon)

   [ring of see invisible]

   Int:       It affects your intelligence (+4).
   SInv:      It lets you see invisible.
Wands
 t - a wand of flame (11)
Scrolls
 c - 4 scrolls of blinking
 g - 4 scrolls of identify {unknown}
 i - 3 scrolls of immolation
 j - a scroll of teleportation {unknown}
 C - a scroll of fog {unknown}
Potions
 f - 4 potions of heal wounds {unknown}
 k - a potion of attraction {unknown}
 m - a potion of degeneration {unknown}
 p - 3 potions of brilliance {unknown}
 r - a potion of ambrosia {unknown}
 v - 2 potions of curing {unknown}
 z - a potion of haste {unknown}
 D - a potion of invisibility {unknown}
 E - a potion of mutation {unknown}


   Skills:
 + Level 5.5 Fighting
 + Level 3.0 Short Blades
 + Level 3.0 Long Blades
 + Level 3.0 Axes
 + Level 3.0 Maces & Flails
 + Level 5.5 Polearms
 + Level 3.0 Staves
 + Level 3.0 Slings
 + Level 3.0 Bows
 + Level 3.0 Crossbows
 + Level 4.0 Throwing
 + Level 4.0 Armour
 + Level 5.5 Dodging
 + Level 3.0 Stealth
 + Level 3.0 Shields
 + Level 3.0 Unarmed Combat
 + Level 5.9 Spellcasting
 + Level 2.4 Conjurations
 + Level 2.4 Hexes
 + Level 2.4 Summonings
 + Level 2.4 Necromancy
 + Level 6.0 Translocations
 + Level 2.4 Transmutations
 + Level 2.4 Fire Magic
 + Level 2.4 Ice Magic
 + Level 2.4 Air Magic
 + Level 2.4 Earth Magic
 + Level 2.4 Poison Magic
 + Level 3.3 Invocations
 + Level 3.0 Evocations


You had 16 spell levels left.
You knew the following spells:

 Your Spells              Type           Power      Damage    Failure   Level
a - Blink                 Tloc           72%        N/A       1%          2

Your spell library contained the following spells:

 Spells                   Type           Power      Damage    Failure   Level
 Gell's Gravitas          Tloc           36%        N/A       2%          3
 Lesser Beckoning         Tloc           36%        N/A       2%          3
 Teleport Other           Tloc           36%        N/A       2%          3
 Manifold Assault         Tloc           36%        N/A       22%         5


Dungeon Overview and Level Annotations

Branches:
Dungeon (5/15)
 Temple: D:4-7

Altars:
Nemelex Xobeh
Qazlal
Trog
Vehumet
Xom
Yredelemnul

Shops:
D:3 (

Annotations:
D:3 3 runed translucent doors, exclusion: 3 doors, Efficiency's ghost, weakling VSAK


Innate Abilities, Weirdness & Mutations

You have very sharp teeth.
Your uncanny sense of smell can sniff out nearby items.
Your experience applies equally to all skills.


Message History

Aim: an ogre, wielding a +0 giant club (74% to hit)
You throw a poisoned dart.
The poisoned dart barely misses the ogre.
Unknown command.
Throw: 9 darts (poison)
Press: ? - help, Q - select action, (/) - cycle Shift-Dir - straight line, f/p - ogre
Aim: an ogre, wielding a +0 giant club (74% to hit)
You throw a poisoned dart. The poisoned dart hits the ogre.
The ogre is poisoned.
You hit the ogre. You freeze the ogre.
The ogre is lightly wounded.
The ogre hits you with a +0 giant club!
Unknown command.
You slash the ogre! You freeze the ogre. You bite the ogre, but do no damage.
The ogre is heavily wounded.
The ogre barely misses you.
You hit the ogre. You freeze the ogre.
The ogre is severely wounded.
The ogre hits you with a +0 giant club!!
* * * LOW HITPOINT WARNING * * *
Unknown command.
You hit the ogre. You freeze the ogre.
You kill the ogre!
Your Short Blades skill increases to level 3!
Your Long Blades skill increases to level 3!
Your Axes skill increases to level 3!
Your Maces & Flails skill increases to level 3!
Your Staves skill increases to level 3!
Your Slings skill increases to level 3!
Your Bows skill increases to level 3!
Your Crossbows skill increases to level 3!
Your Throwing skill increases to level 4!
Your Armour skill increases to level 4!
Your Stealth skill increases to level 3!
Your Shields skill increases to level 3!
Your Unarmed Combat skill increases to level 3!
Your Evocations skill increases to level 3!
Unknown command.
The white imp gestures at you. The puff of frost hits you!
You die...

####.# #............. .....#
#....#.#.#.#.# .....#
#........... ...[.#
#...5.#....
.....#####(#####.###
..............)5...#
####.#####.#####.###
#..........# #.#
#.##.####### ##@#### #+#.#
#.##.# ##.....##....#
#.##.#### ####.8...8.#....##
#.....#.###.....)).........#
####>........8..)<...8......
#.............)...........
###.###.###....8...8......##
..#.#....................<..
........##......##.........#


You could see a white imp.

Vanquished Creatures
  A water moccasin (D:5)
  An ogre (D:5)
  A phantom (D:5)
  A centaur (D:4)
  A kobold brigand (D:5)
  A scorpion (D:4)
  A water moccasin skeleton (D:5)
  4 hounds
  2 orc priests (D:4)
  An iguana (D:5)
  Natasha (D:2)
  An orc wizard (D:4)
  Robin (D:2)
  4 adders
  An adder zombie (D:3)
  An adder skeleton (D:4)
  3 worms
  5 dart slugs
  5 orcs (D:4)
  6 ball pythons
  2 bats
  11 endoplasms
  14 goblins
  9 hobgoblins
  4 jackals
  2 quokkas (D:3)
  A ball python zombie (D:3)
  3 frilled lizards
  13 kobolds
  4 rats
105 creatures vanquished.

Notes
Turn   | Place    | Note
-------+----------+-------------------------------------------
     0 | D:1      | Ablot the Gnoll Warper began the quest for the Orb.
     0 | D:1      | Reached XP level 1. HP: 20/20 MP: 6/6
   208 | D:1      | Found a faded altar of an unknown god.
   224 | D:1      | Reached XP level 2. HP: 25/26 MP: 7/7
   232 | D:1      | Learned a level 2 spell: Blink
   655 | D:2      | Reached XP level 3. HP: 28/31 MP: 9/9
   728 | D:2      | Reached skill level 5 in Spellcasting
  1200 | D:2      | Reached skill level 1 in Invocations
  1331 | D:2      | Reached skill level 1 in Short Blades
  1331 | D:2      | Reached skill level 1 in Long Blades
  1331 | D:2      | Reached skill level 1 in Axes
  1331 | D:2      | Reached skill level 1 in Maces & Flails
  1331 | D:2      | Reached skill level 1 in Staves
  1331 | D:2      | Reached skill level 1 in Slings
  1331 | D:2      | Reached skill level 1 in Bows
  1331 | D:2      | Reached skill level 1 in Crossbows
  1331 | D:2      | Reached skill level 1 in Stealth
  1331 | D:2      | Reached skill level 1 in Shields
  1331 | D:2      | Reached skill level 1 in Unarmed Combat
  1331 | D:2      | Reached skill level 1 in Evocations
  1339 | D:2      | Reached XP level 4. HP: 37/38 MP: 11/11
  1353 | D:2      | Identified the +4 hand axe "Xuipnaqerph" {freeze, Str+2}
  1662 | D:2      | Noticed Natasha
  1669 | D:2      | Killed Natasha
  1670 | D:2      | Reached skill level 1 in Conjurations
  1670 | D:2      | Reached skill level 1 in Hexes
  1670 | D:2      | Reached skill level 1 in Summonings
  1670 | D:2      | Reached skill level 1 in Necromancy
  1670 | D:2      | Reached skill level 1 in Transmutations
  1670 | D:2      | Reached skill level 1 in Fire Magic
  1670 | D:2      | Reached skill level 1 in Ice Magic
  1670 | D:2      | Reached skill level 1 in Air Magic
  1670 | D:2      | Reached skill level 1 in Earth Magic
  1670 | D:2      | Reached skill level 1 in Poison Magic
  1854 | D:2      | Noticed Robin
  1887 | D:2      | Reached XP level 5. HP: 43/43 MP: 12/12
  1913 | D:2      | Killed Robin
  2536 | D:3      | Found Gifenn Lere's Antique Weapon Emporium.
  2601 | D:3      | Found a bloodstained altar of Trog.
  2632 | D:3      | Found a sparkling altar of Nemelex Xobeh.
  2873 | D:3      | Found a runed translucent gate.
  2873 | D:3      | Found a runed translucent gate.
  2873 | D:3      | Found a runed translucent gate.
  2873 | D:3      | Noticed Efficiency's ghost (weakling VSAK)
  2875 | D:3      | Found a basalt altar of Yredelemnul.
  3332 | D:4      | HP: 2/43 [orc priest/nerve-wracking pain (5)]
  3699 | D:4      | Reached XP level 6. HP: 49/50 MP: 13/13
  3711 | D:4      | Identified the ring of Doawag {Int+4 SInv}
  3815 | D:4      | Identified the +2 hand axe of Discretion {pain, rPois rC+
                  | Dex+5}
  3939 | D:4      | Reached skill level 5 in Fighting
  3939 | D:4      | Reached skill level 5 in Polearms
  3939 | D:4      | Reached skill level 5 in Dodging
  4236 | D:4      | Reached XP level 7. HP: 55/56 MP: 15/15
  4251 | D:4      | Found a shimmering altar of Xom.
  4469 | D:4      | Found a stormy altar of Qazlal.
  4534 | D:4      | Found a radiant altar of Vehumet.
  4763 | D:5      | Entered Level 5 of the Dungeon
  5406 | D:5      | Reached skill level 6 in Translocations
  5406 | D:5      | Reached XP level 8. HP: 45/63 MP: 16/16
  5422 | D:5      | Killed from afar by a white imp

Illustrated notes

Levels and vault maps discovered:
D:1:      wander_arrival_lonely_grave, layout_rooms,
          hellmonk_ecumenical_altar_blasted
D:2:      layout_basic, minmay_tetromino_o4, uniq_robin, uniq_natasha
D:3:      layout_basic, nicolae_yredelemnul_ghost_church,
          nemelex_xobeh_ov_fountains_minmay, marbit_many_paths, serial_shops,
          shop
D:4:      nicolae_BIG_FREAKIN_CUBE, layout_loops_cross, lemuel_round_altar,
          kennysheep_mini_moat, mainiacjoe_overflow_paths
D:5:      lemuel_ratsnest, layout_basic, minmay_stone_trees_small, st_stairs_2,
          grunt_ministairs_2

Skill      XL: |  1  2  3  4  5  6  7  8 |
---------------+-------------------------+-----
Spellcasting   | 5 |  5.9
Invocations    | 1 2 3 |  3.3
Short Blades   | 1 2 3 |  3.0
Long Blades    | 1 2 3 |  3.0
Axes           | 1 2 3 |  3.0
Maces & Flails | 1 2 3 |  3.0
Staves         | 1 2 3 |  3.0
Slings         | 1 2 3 |  3.0
Bows           | 1 2 3 |  3.0
Crossbows      | 1 2 3 |  3.0
Stealth        | 1 2 3 |  3.0
Shields        | 1 2 3 |  3.0
Unarmed Combat | 1 2 3 |  3.0
Evocations     | 1 2 3 |  3.0
Conjurations   | 1 2 |  2.4
Hexes          | 1 2 |  2.4
Summonings     | 1 2 |  2.4
Necromancy     | 1 2 |  2.4
Transmutations | 1 2 |  2.4
Fire Magic     | 1 2 |  2.4
Ice Magic      | 1 2 |  2.4
Air Magic      | 1 2 |  2.4
Earth Magic    | 1 2 |  2.4
Poison Magic   | 1 2 |  2.4
Throwing       | 3 4 |  4.0
Armour         | 3 4 |  4.0
Fighting       | 5 |  5.5
Polearms       | 5 |  5.5
Dodging        | 5 |  5.5
Translocations | 6 |  6.0

Action                   |  1- 3 |  4- 6 |  7- 9 || total
-------------------------+-------+-------+-------++-------
Melee: Spear             |   121 |    10 |       ||   131
       Bite              |    10 |    15 |     2 ||    27
       Punch             |     2 |     7 |     3 ||    12
       Hand axe          |       |   151 |    70 ||   221
Throw: Dart              |       |       |     2 ||     2
 Stab: Sleeping          |     1 |     3 |     2 ||     6
Armor: Leather armour    |    12 |    41 |    16 ||    69
Dodge: Dodged            |    52 |    95 |    34 ||   181
